 Dungeon Crawl Stone Soup version 0.22-a0-443-g17c3723 (webtiles) character file.

65 Ijustatesigmund the Skirmisher (level 4, 0/49 HPs)
             Began as an Ogre Gladiator on May 31, 2018.
             Succumbed to an adder's poison
             ... on level 2 of the Dungeon.
             The game lasted 00:02:41 (1542 turns).

Ijustatesigmund the Skirmisher (Ogre Gladiator)     Turns: 1542, Time: 00:02:42

Health: 0/49       AC:  3    Str: 23    XL:     4   Next: 14%
Magic:  4/4        EV: 10    Int:  9    God:
Gold:   99         SH:  0    Dex: 11    Spells: 3/3 levels left

rFire    . . .     SeeInvis .   a - +0 flail
rCold    . . .     Gourm    .   (no shield)
rNeg     . . .     Faith    .   b - +0 robe
rPois    .         Spirit   .   c - +0 hat
rElec    .         Reflect  .   (no cloak)
rCorr    .         Harm     .   (gloves unavailable)
MR       .....                  (boots unavailable)
Stlth    +.........             (no amulet)
HPRegen  0.16/turn              (no ring)
MPRegen  0.09/turn              (no ring)

@: mighty, lethally poisoned (0 -> -4), hasted, very quick
A: large, unfitting armour, tough skin 1
a: no special abilities


You were on level 2 of the Dungeon.
You were not hungry.

You visited 1 branch of the dungeon, and saw 2 of its levels.

You collected 99 gold pieces.

Inventory:

Hand Weapons
 a - a +0 flail (weapon)
Missiles
 d - 3 throwing nets
 h - 6 javelins (quivered)
Armour
 b - a +0 robe (worn)
 c - a +0 hat (worn)
Scrolls
 g - 2 scrolls of remove curse
Potions
 i - a potion of haste
Comestibles
 f - 3 rations


   Skills:
 + Level 4.4 Fighting
 + Level 3.6 Maces & Flails
 - Level 2.0 Throwing
 - Level 2.6 Dodging


You had 3 spell levels left.
You didn't know any spells.
Your spell library was empty.

Dungeon Overview and Level Annotations

Branches:
Dungeon (2/15)

Altars:


Innate Abilities, Weirdness & Mutations

You are too large for most types of armour.
You have tough skin. (AC +1)


Message History

* * * LOW HITPOINT WARNING * * *
The adder barely misses you. The dart slug barely misses you.
It was a potion of haste.
You feel yourself speed up. The adder bites you.
* * * LOW HITPOINT WARNING * * *
You are lethally poisoned!
The adder poisons you!
* * * LOW HITPOINT WARNING * * *
You feel sick. The adder bites you but does no damage.
Found a murky white potion.
* * * LOW HITPOINT WARNING * * *
You feel sick.
Found a scroll labeled ABRAOZ GUNNOTS.
It was a potion of might.
You feel very mighty all of a sudden.
* * * LOW HITPOINT WARNING * * *
You feel sick.
You sock the adder!
You kill the adder!
You have reached level 4!
You die...

## .. .#
...###..........# !...
....#....#.#. #
....##..#.#(...... #.
.....#._.#..... # ..
#.#.!#.#..#.#
#?.#.##.....#..)..#
#.....#........# .
#..@w.#.....# (.
#.###.#....## ##.#
#.###.....## ##...#
#..........####..#
#..............<#
#............#......
#..................#
###...................
####....###...##.........


You could see a dart slug.

Vanquished Creatures
  2 adders (D:2)
  2 dart slugs
  2 leopard geckos (D:1)
  A ball python (D:1)
  5 giant cockroaches
  2 goblins (D:1)
  4 hobgoblins (D:1)
  4 jackals
  9 kobolds
  3 bats
  2 frilled lizards
  3 rats (D:1)
39 creatures vanquished.

Vanquished Creatures (others)
  5 toadstools (D:1)
5 creatures vanquished.

Grand Total: 44 creatures vanquished

Notes
Turn   | Place    | Note
-------+----------+-------------------------------------------
     0 | D:1      | Ijustatesigmund the Ogre Gladiator began the quest for the Orb.
     0 | D:1      | Reached XP level 1. HP: 22/22 MP: 1/1
    53 | D:1      | Reached skill level 3 in Fighting
   406 | D:2      | Reached XP level 2. HP: 24/31 MP: 2/2
   932 | D:1      | Reached XP level 3. HP: 36/39 MP: 3/3
  1122 | D:1      | Reached skill level 4 in Fighting
  1510 | D:2      | Found a faded altar of an unknown god.
  1540 | D:2      | HP: 1/39 [poisoned by an adder]
  1541 | D:2      | Reached XP level 4. HP: 1/49 MP: 4/4
  1542 | D:2      | Succumbed to an adder's poison

Vault maps used:
D:1:      ldierk_walled_garden
D:2:      nicolae_gozag_seed_capital, chequers_ecumenical_altar_simple_redux,
          kennysheep_big_empty_room

Skill      XL: |  1  2  3 |
---------------+----------+-----
Fighting       | 3 4 |  4.4
Maces & Flails | 3 |  3.6
Throwing       | |  2.0
Dodging        | |  2.6

Action                   |  1- 3 |  4- 6 || total
-------------------------+-------+-------++-------
Melee: Flail             |   126 |       ||   126
Throw: Javelin           |     2 |       ||     2
  Use: Scroll            |     4 |       ||     4
       Potion            |     2 |       ||     2
  Eat: Chunk             |     2 |       ||     2
Armor: Robe              |    57 |       ||    57
Dodge: Dodged            |    97 |       ||    97

Table legend:
 A = Spawn XP
 B = Non-spawn XP
 C = Spawn XP percentage of total XP
 D = Spawn monster count
 E = Non-spawn monster count
 F = Spawn count percentage of total count
 G = Total turns spent on level
                    A         B        C        D         E        F      G
               +---------+---------+-------+---------+---------+-------+---------
         Total |       0 |      94 |   0.0 |       0 |      39 |   0.0 |  1542
               +---------+---------+-------+---------+---------+-------+---------
           D:1 |       0 |      55 |   0.0 |       0 |      30 |   0.0 |   996
           D:2 |       0 |      39 |   0.0 |       0 |       9 |   0.0 |   546
               +---------+---------+-------+---------+---------+-------+---------
